 Dungeon Crawl Stone Soup version 0.25-a0-292-gaa31f046c4 (webtiles) character file.

Game seed: 1318361450253900488, levelgen mode: classic

1389 Borgoz the Covered (level 8, -6/52 HPs)
             Began as a Gargoyle Fighter on Dec 16, 2019.
             Was an Initiate of Okawaru.
             Mangled by an orc warrior
             ... wielding a +0 glaive
              (9 damage)
             ... while paralysed by an orc warrior
             ... on level 7 of the Dungeon.
             The game lasted 00:08:52 (5225 turns).

Borgoz the Covered (Gargoyle Fighter)               Turns: 5225, Time: 00:08:53

Health: -6/52      AC: 14    Str: 20    XL:     8   Next: 68%
Magic:  8/8        EV:  2    Int:  9    God:    Okawaru [......]
Gold:   232        SH:  0    Dex: 11    Spells: 7/7 levels left

rFire    . . .     SeeInvis .   a - +0 flail
rCold    . . .     Gourm    .   c - +0 shield
rNeg     + . .     Faith    .   b - +0 scale mail
rPois    ∞         Spirit   .   o - +0 helmet
rElec    +         Reflect  .   (no cloak)
rCorr    .         Harm     .   (no gloves)
MR       .....                  (no boots)
Stlth    ..........             (no amulet)
HPRegen  0.17/turn              (no ring)
MPRegen  0.11/turn              (no ring)

@: paralysed
A: negative energy resistance 1, electricity resistance, unbreathing,
petrification resistance, rot immunity, AC +5
a: Renounce Religion


You were on level 7 of the Dungeon.
You worshipped Okawaru.
Okawaru was noncommittal.
You were hungry.

You visited 2 branches of the dungeon, and saw 8 of its levels.

You collected 232 gold pieces.

Inventory:

Hand Weapons
 a - a +0 flail (weapon)
Armour
 b - a +0 scale mail (worn)
 c - a +0 shield (worn)
 o - a +0 helmet (worn)
Jewellery
 k - an uncursed ring of fire
 m - an uncursed ring of positive energy
 x - an uncursed ring of see invisible {unknown}
Wands
 u - a wand of polymorph (14)
 A - a wand of flame (15)
Scrolls
 j - 3 scrolls of teleportation {unknown}
 l - 2 scrolls of random uselessness {unknown}
 n - 2 scrolls of magic mapping {unknown}
 q - 2 scrolls of blinking {unknown}
 r - a scroll of fear {unknown}
 s - 2 scrolls of remove curse {unknown}
 w - 2 scrolls of fog {unknown}
 y - a scroll of identify
Potions
 d - 3 potions of might
 e - 2 potions of heal wounds
 g - a potion of curing
 h - a potion of agility
 i - 3 potions of flight {unknown}
 p - a potion of mutation {unknown}
 t - a potion of lignification {unknown}
 v - 2 potions of haste {unknown}
Comestibles
 f - 10 rations
 z - 5 chunks of flesh


   Skills:
 * Level 6.6 Fighting
 * Level 5.5 Maces & Flails
 * Level 6.7 Armour
 + Level 2.5 Dodging
 + Level 5.0 Shields


You had 7 spell levels left.
You didn't know any spells.
Your spell library contained the following spells:

 Spells                   Type           Power        Failure   Level  Hunger
 Ice Form                 Ice/Tmut       #.......     100%        4    #####..
 Metabolic Englaciation   Hex/Ice        #.........   100%        5    ######.
 Freezing Cloud           Conj/Ice/Air   #.........   100%        6    #######
 Ozocubu's Refrigeration  Ice            #.........   100%        6    #######
 Simulacrum               Ice/Necr       #.........   100%        6    #######


Dungeon Overview and Level Annotations

Branches:
Dungeon (7/15)             Temple (1/1) D:7

Altars:
Ashenzari
Cheibriados
Dithmenos
Elyvilon
Fedhas
Gozag
Hepliaklqana
Kikubaaqudgha
Makhleb
Nemelex Xobeh
Okawaru
Qazlal
Ru
Sif Muna
Trog
Uskayaw
Vehumet
Wu Jian
Xom
Yredelemnul
Zin
The Shining One

Annotations:
D:3 2 transporters


Innate Abilities, Weirdness & Mutations

You are resistant to torment.
Your stone body is resilient. (AC +5)
You are immune to poison.
You resist negative energy. (rN+)
You are resistant to electric shocks. (rElec)
You can survive without breathing.
You are immune to petrification.
You are immune to rotting.


Message History

You block the orc's attack.
The orc priest hits you but does no damage.
The orc warrior hits you with a +0 glaive!!
* * * LOW HITPOINT WARNING * * *
You block the orc's attack. The orc hits you but does no damage.
You hit the orc priest.
The orc priest is almost dead.
The orc priest mumbles some strange prayers to Beogh against you.
You struggle to resist.
You block the orc's attack.
The orc warrior zaps a wand.
You suddenly lose the ability to move!
The orc hits you but does no damage. The orc priest hits you.
* * * LOW HITPOINT WARNING * * *
The orc warrior completely misses you. The orc hits you but does no damage.
The orc hits you with a +0 mace.
* * * LOW HITPOINT WARNING * * *
The orc priest calls down the wrath of Beogh upon you.
You struggle to resist.
The orc hits you but does no damage.
The orc warrior hits you with a +0 glaive!
You die...

.....# ##.?..#
################.....# .
.##.##.........#.....#..
..#..............(...'.
..#.............(....#
..#............(...<.#
.##......##...)ooo...#
.##......##.)...@o...#
.'...................##
>#....................#
.#....................#
###....####....##.....#
###....####....##.....#
#..............#......#
#..............#......#
#..<......>....##....##


You could see an orc warrior, an orc priest and 2 orcs.

Vanquished Creatures
  A necrophage (D:6)
  2 ogres
  2 centaurs
  2 bullfrogs (D:6)
  2 scorpions
  2 crimson imps
  3 howler monkeys (D:7)
  A bullfrog zombie (D:6)
  A hound (D:5)
  2 orc priests
  2 orc wizards
  A centaur skeleton (D:3)
  Terence (D:3)
  An iguana (D:7)
  2 worker ants (D:4)
  A hound skeleton (D:3)
  A howler monkey skeleton (D:7)
  6 adders
  A shadow imp (D:7)
  3 oozes
  5 worms
  2 leopard geckos
  21 orcs
  6 bats
  5 giant cockroaches
  10 hobgoblins
  13 jackals
  2 quokkas (D:2)
  2 ball pythons
  4 frilled lizards
  8 goblins
  2 jackal zombies (D:5)
  10 kobolds
  7 rats
134 creatures vanquished.

Vanquished Creatures (others)
  An orc wizard (D:7)
1 creature vanquished.

Grand Total: 135 creatures vanquished

Notes
Turn   | Place    | Note
-------+----------+-------------------------------------------
     0 | D:1      | Borgoz the Gargoyle Fighter began the quest for the Orb.
     0 | D:1      | Reached XP level 1. HP: 14/14 MP: 1/1
   100 | D:1      | Reached XP level 2. HP: 14/19 MP: 2/2
   440 | D:1      | Reached XP level 3. HP: 24/24 MP: 3/3
   856 | D:2      | Reached XP level 4. HP: 29/29 MP: 4/4
  1245 | D:2      | Reached XP level 5. HP: 11/33 MP: 5/5
  1521 | D:3      | Noticed Terence
  1538 | D:3      | Killed Terence
  1538 | D:3      | Reached skill level 1 in Dodging
  1761 | D:3      | Reached XP level 6. HP: 35/39 MP: 6/6
  1785 | D:3      | Found a transporter.
  1873 | D:3      | Found a transporter.
  2443 | D:4      | Reached skill level 5 in Fighting
  2443 | D:4      | Reached skill level 5 in Armour
  2822 | D:5      | Entered Level 5 of the Dungeon
  3283 | D:5      | Reached XP level 7. HP: 26/44 MP: 7/7
  4194 | D:6      | Found a sparkling altar of Nemelex Xobeh.
  4212 | D:6      | Reached XP level 8. HP: 51/51 MP: 8/8
  4663 | D:7      | Reached skill level 5 in Maces & Flails
  4739 | D:7      | Found a staircase to the Ecumenical Temple.
  4760 | Temple   | Entered the Ecumenical Temple
  4858 | Temple   | Became a worshipper of Warmaster Okawaru
  5199 | D:7      | Reached skill level 5 in Shields
  5208 | D:7      | Paralysed by an orc warrior for 5 turns
  5222 | D:7      | Paralysed by an orc warrior for 4 turns
  5223 | D:7      | HP: 2/52 [orc/+0 mace (3)]
  5225 | D:7      | Mangled by an orc warrior

Levels and vault maps discovered:
D:1:      ncdulo_smallfort, layout_rooms, hangedman_decor_lopped
D:2:      layout_rooms, minmay_hexomino_p4
D:3:      gammafunk_wand_slinger, layout_loops_ring, first_ration, uniq_terence
D:4:      layout_loops_cross, chequers_serial_rivers_micro_c
D:5:      layout_layer_cave
D:6:      layout_basic, kennysheep_mini
D:7:      layout_gridville, minmay_temple_entry_ruins
Temple:   minmay_crystal_snake_temple

Skill      XL: |  1  2  3  4  5  6  7  8 |
---------------+-------------------------+-----
Armour         | 4 5 6 |  6.7
Fighting       | 4 5 6 |  6.6
Maces & Flails | 3 4 5 |  5.5
Dodging        | 1 2 |  2.5
Shields        | 4 5 |  5.0

Action                   |  1- 3 |  4- 6 |  7- 9 || total
-------------------------+-------+-------+-------++-------
Melee: Flail             |   161 |   262 |   173 ||   596
  Use: Scroll            |       |     2 |     1 ||     3
       Potion            |       |     1 |     2 ||     3
  Eat: Chunk             |       |     8 |     3 ||    11
       Ration            |       |       |     1 ||     1
Armor: Scale mail        |   110 |   117 |    87 ||   314
Dodge: Dodged            |    66 |    87 |    56 ||   209
Block: Shield            |   107 |   135 |   104 ||   346

Table legend:
 A = Non-vault XP
 B = Vault XP
 C = Vault XP percentage of total XP
 D = Non-vault monster count
 E = Vault monster count
 F = Vault count percentage of total count
                 A         B        C        D         E       F
            +---------+---------+-------+---------+---------+-------
      Total |    1941 |      44 |   2.2 |     131 |       4 |   3.0
            +---------+---------+-------+---------+---------+-------
        D:1 |      41 |       0 |   0.0 |      26 |       0 |   0.0
        D:2 |     154 |       8 |   4.9 |      26 |       3 |  10.3
        D:3 |     169 |      36 |  17.6 |      28 |       1 |   3.4
        D:4 |     164 |       0 |   0.0 |      12 |       0 |   0.0
        D:5 |     192 |       0 |   0.0 |      10 |       0 |   0.0
        D:6 |     556 |       0 |   0.0 |       9 |       0 |   0.0
        D:7 |     665 |       0 |   0.0 |      20 |       0 |   0.0
            +---------+---------+-------+---------+---------+-------
